 Dungeon Crawl Stone Soup version 0.29.1-15-g9cfb28693d (webtiles) character file.

Game seed: 12549072730046310862

353 hawla the Firebug (level 7, -10/51 HPs)
             Began as a Meteoran Fire Elementalist on Mar 21, 2023.
             Was an Initiate of Vehumet.
             Mangled by an ogre
             ... wielding a +0 giant spiked club
              (31 damage)
             ... on level 5 of the Dungeon.
             The game lasted 00:04:08 (1318 turns).

hawla the Firebug (Meteoran Fire Elementalist)      Turns: 1318, Time: 00:04:09

Health: -10/51     AC:  3    Str:  9    XL:     7   Next: 16%
Magic:  13/15      EV: 13    Int: 18    God:    Vehumet [......]
Gold:   129        SH:  0    Dex: 16    Spells: 8/15 levels left

rFire   + . .      SeeInvis .   m - +6 shillelagh "Devastator" {shatter}
rCold   + . .      Faith    .   (no shield)
rNeg    . . .      Spirit   .   a - +0 robe
rPois   +          Reflect  .   (no helmet)
rElec   +          Harm     .   (no cloak)
rCorr   +          Rampage  .   (no gloves)
Will    .....                   d - +0 pair of boots
Stlth   +.........              (no amulet)
HPRegen 0.17/turn               (no ring)
MPRegen 0.14/turn               (no ring)

@: resistant, glowing
A: sense surroundings 1, otherworldly, glowing, explore regen
a: Renounce Religion


You were on level 5 of the Dungeon.
You worshipped Vehumet.
Vehumet was noncommittal.
You visited 2 branches of the dungeon, and saw 6 of its levels.

You collected 129 gold pieces.

Inventory:

Hand Weapons
 m - the +6 shillelagh "Devastator" (weapon) {shatter}
   (You found it on level 4 of the Dungeon)

   It releases a powerful concussive burst when it strikes, dealing extra damage
   to the target and all other foes adjacent to them.
Armour
 a - a +0 robe (worn)
 d - a +0 pair of boots (worn)
Wands
 l - a wand of flame (12) (quivered)
Scrolls
 b - a scroll of magic mapping {unknown}
 c - 2 scrolls of poison {unknown}
 g - 2 scrolls of immolation {unknown}
 h - a scroll of blinking {unknown}
 i - a scroll of enchant armour {unknown}
 j - a scroll of teleportation {unknown}
 n - a scroll of amnesia {unknown}
Potions
 e - a potion of lignification {unknown}
 f - a potion of flight {unknown}
 o - a potion of curing {unknown}
 p - 2 potions of might {unknown}


   Skills:
 - Level 0.5 Fighting
 + Level 2.2 Maces & Flails
 - Level 3.2 Dodging
 - Level 1.4 Stealth
 - Level 4.9 Spellcasting
 + Level 3.3 Conjurations
 - Level 5.9 Fire Magic


You had 8 spell levels left.
You knew the following spells:

 Your Spells              Type           Power      Damage    Failure   Level
a - Foxfire               Conj/Fire      84%        2x1d8     1%          1
b - Scorch                Fire           50%        2d8       1%          2
c - Flame Wave            Conj/Fire      21%        2d8       21%         4

Your spell library contained the following spells:

 Spells                   Type           Power      Damage    Failure   Level
 Conjure Flame            Conj/Fire      21%        6-21      6%          3
 Inner Flame              Hex/Fire       15%        N/A       12%         3


Dungeon Overview and Level Annotations

Branches:
Dungeon (5/15) Zot: 1804   Temple (1/1) D:4 Zot: 471

Altars:
Ashenzari
Cheibriados
Dithmenos
Elyvilon
Fedhas
Gozag
Hepliaklqana
Nemelex Xobeh
Okawaru
Qazlal
Ru
Sif Muna
Trog
Uskayaw
Vehumet
Xom
Yredelemnul
Zin
The Shining One


Innate Abilities, Weirdness & Mutations

You passively map a small area around you.
You are easily found by Zot.
You glow in the dark.
You regain HP and MP as you explore.


Message History

You climb downwards.
Found 5 boomerangs.
There is a stone staircase leading up here.
Sorry, I don't know how to get there.
(D) Dungeon (T) Temple
Where to? (Enter - D:6, ? - help)
What level of the Dungeon? (default 1, ? - help)
Okay, then.
(D) Dungeon (T) Temple
Where to? (Enter - D:6, ? - help)
What level of the Dungeon? (default 1, ? - help)
You climb upwards.
There is a stone staircase leading down here.
You climb downwards.
There is a stone staircase leading up here.
Found a stone staircase leading up.
An iguana comes into view.
The iguana hisses angrily.
An ogre comes into view. It is wielding a +0 giant spiked club.
The ogre shouts!
The iguana bites you!
You hit the iguana.
The iguana shudders.
You kill the iguana!
Vehumet accepts your kill.
Your Maces & Flails skill increases to level 2!
Casting: Foxfire (safe; 1% risk of failure)
Confirm with . or Enter, or press ? or * to list all spells.
Flames lash the ogre.
The ogre is lightly wounded.
The ogre's fire resistance burns away.
The ogre hits you with a +0 giant spiked club!!
Unknown command.
Casting: Scorch (safe; 1% risk of failure)
Confirm with . or Enter, or press ? or * to list all spells.
Okay, then.
It was a potion of resistance.
You feel protected.
The ogre hits you with a +0 giant spiked club!!
Ouch! That really hurt!
You die...

,, , #.# #..# ,
,###(########..#
, ,
.........<...# *
*
####.#########.#
, *
..#...........#
#
*#.#.###########
* ###.##.#.##
#......O..#
.#....@..# ,
#.......#
........†.# *
......<...#
###.......# * ,
>.........# ,
*###########


You could see an ogre (combustible).

Vanquished Creatures
  An ogre (D:4)
  A scorpion (D:4)
  A howler monkey (D:4)
  A hound (D:4)
  2 iguanas
  An adder (D:3)
  3 gnolls (D:4)
  An ufetubus (D:4)
  A worm (D:2)
  2 dart slugs (D:4)
  5 orcs (D:4)
  3 ball pythons (D:4)
  An endoplasm (D:3)
  A giant cockroach (D:4)
  3 goblins (D:4)
  4 hobgoblins
  2 quokkas (D:4)
  A bat (D:3)
  A kobold (D:3)
  A rat (D:2)
36 creatures vanquished.

Vanquished Creatures (others)
  58 foxfires
58 creatures vanquished.

Grand Total: 94 creatures vanquished

Notes
Turn   | Place    | Note
-------+----------+-------------------------------------------
     0 | D:1      | hawla the Meteoran Fire Elementalist began the quest for
                  | the Orb.
     0 | D:1      | Reached XP level 1. HP: 14/14 MP: 5/5
    45 | D:2      | Reached XP level 2. HP: 20/20 MP: 1/6
    66 | D:2      | Learned a level 2 spell: Scorch
   140 | D:3      | Reached skill level 4 in Fire Magic
   140 | D:3      | Reached XP level 3. HP: 11/26 MP: 4/8
   243 | D:4      | Noticed a scorpion
   256 | D:4      | Killed a scorpion
   257 | D:4      | Reached XP level 4. HP: 11/33 MP: 7/11
   257 | D:4      | Reached XP level 5. HP: 12/38 MP: 7/12
   287 | D:4      | Found a glowing golden altar of the Shining One.
   292 | D:4      | Noticed an ogre
   298 | D:4      | Killed an ogre
   299 | D:4      | Reached skill level 5 in Fire Magic
   299 | D:4      | Reached XP level 6. HP: 40/46 MP: 5/13
   524 | D:4      | Found the +6 shillelagh "Devastator" {shatter}
   541 | D:4      | Learned a level 4 spell: Flame Wave
   714 | D:4      | Found a staircase to the Ecumenical Temple.
   720 | D:4      | Reached skill level 1 in Maces & Flails
   720 | D:4      | Reached XP level 7. HP: 51/51 MP: 15/15
   727 | Temple   | Entered the Ecumenical Temple
   840 | Temple   | Became a worshipper of Vehumet
  1290 | D:5      | Entered Level 5 of the Dungeon
  1318 | D:5      | Mangled by an ogre

Illustrated notes

Levels and vault maps discovered:
D:1:      amcnicky_arrival_wind_blow, layout_basic
D:2:      layout_basic, chequers_ecumenical_altar_island
D:3:      layout_loops_ring
D:4:      layout_loops_ring, mainiacjoe_overflow_chevrons,
          minmay_temple_entry_waves
D:5:      layout_loops_ring, uniq_menkaure
Temple:   compressed_dpeg_circular_temple

Skill      XL: |  1  2  3  4  5  6  7 |
---------------+----------------------+-----
Spellcasting   | 3 4 |  4.9
Fire Magic     | 4 5 |  5.9
Dodging        | 3 |  3.2
Conjurations   | 2 3 |  3.3
Maces & Flails | 1 2 |  2.2
Fighting       | |  0.5
Stealth        | |  1.4

Action                   |  1- 3 |  4- 6 |  7- 9 || total
-------------------------+-------+-------+-------++-------
Melee: Unarmed           |     8 |     2 |       ||    10
       Shillelagh        |       |     7 |     3 ||    10
 Cast: Foxfire           |    18 |    19 |       ||    37
       Scorch            |     5 |    11 |     1 ||    17
  Use: Potion            |     1 |       |     1 ||     2
Armor: Robe              |     8 |     1 |       ||     9
Dodge: Dodged            |    12 |     6 |     1 ||    19
